 Dungeon Crawl Stone Soup version 0.18.1-5-g4a78601 (webtiles) character file.

10822 Inkary the Fighter (level 11, -24/104 HPs)
             Began as a Minotaur Fighter on May 5, 2016.
             Was a Priest of Yredelemnul.
             Annihilated by Rupert
             ... wielding a +2 triple sword of slicing
              (32 damage)
             ... on level 12 of the Dungeon on May 12, 2016.
             The game lasted 00:50:53 (11115 turns).

Inkary the Fighter (Minotaur Fighter)              Turns: 11115, Time: 00:50:53

Health: -24/104    AC: 22    Str: 21    XL:     11   Next: 41%
Magic:  15/15      EV:  5    Int:  5    God:    Yredelemnul [***...]
Gold:   564        SH: 12    Dex: 13    Spells: 0 memorised, 10 levels left

rFire  x . .     SeeInvis .     w - +1 flail (venom)
rCold  + + .     Gourm    .     S - +2 plate armour {rC+}
rNeg   . . .     Faith    .     c - +1 shield
rPois  .         Spirit   .     (helmet unavailable)
rElec  .         Dismiss  .     T - +1 cloak
rCorr  .         Reflect  .     (no gloves)
SustAt .         Harm     .     G - +1 pair of boots
MR     .....                    (no amulet)
Stlth  ..........               E - ring of wizardry
                                n - ring of ice

@: injury mirror, not resistant to hostile enchantments, extremely unstealthy
A: retaliatory headbutt, horns 3
a: Recall Undead Slaves, Injury Mirror, Animate Dead, Renounce Religion


You were on level 12 of the Dungeon.
You worshipped Yredelemnul.
Yredelemnul was most pleased with you.
You were not hungry.

You visited 2 branches of the dungeon, and saw 13 of its levels.

You collected 564 gold pieces.

Inventory:

Hand Weapons
 w - a +1 flail of venom (weapon)
 y - a +3 whip of flaming
 R - a +1 scimitar of protection
Armour
 c - a +1 shield (worn)
 G - a +1 pair of boots (worn)
 S - a +2 plate armour of cold resistance (worn)
 T - a +1 cloak (worn)
Jewellery
 n - a ring of ice (left hand)
 E - a ring of wizardry (right hand)
 L - an uncursed amulet of dismissal
Wands
 b - a wand of random effects (22/48)
 F - a wand of slowing (28/48)
 K - a wand of lightning (1/15)
 M - a wand of teleportation (3/9)
 P - a wand of acid (7/15)
 Q - a wand of lightning (6/15)
Scrolls
 a - a scroll of blinking {unknown}
 d - a scroll of brand weapon {unknown}
 g - a scroll of enchant weapon {unknown}
 i - a scroll of noise {unknown}
 j - 7 scrolls of remove curse
 k - a scroll of immolation
 l - a scroll of fear {unknown}
 o - 5 scrolls of teleportation
 q - 2 scrolls of fog {unknown}
 t - 2 scrolls of enchant armour
 v - 2 scrolls of random uselessness {unknown}
 C - a scroll of magic mapping {unknown}
 D - 4 scrolls of amnesia
 H - 2 scrolls of recharging {unknown}
 I - a scroll of silence {unknown}
Potions
 e - a potion of cure mutation
 p - a potion of brilliance
 s - 2 potions of cancellation
 u - 6 potions of curing
 x - a potion of ambrosia
 z - a potion of berserk rage {unknown}
 A - a potion of haste {unknown}
 B - a potion of heal wounds
 J - a potion of agility {unknown}
Books
 O - a book of the Earth

   Spells                             Type                      Level
   a - Leda's Liquefaction            Hexes/Earth                  4
   b - Bolt of Magma                  Conjuration/Fire/Earth       5
   c - Statue Form                    Transmutation/Earth          6
   d - Iron Shot                      Conjuration/Earth            6
   e - Shatter                        Earth                        9
Comestibles
 f - 9 bread rations
 h - a royal jelly
 N - 5 meat rations


   Skills:
 + Level 11.9 Fighting
   Level 3.1 Short Blades
   Level 4.2(6.0) Axes
 + Level 6.7(7.3) Maces & Flails
 + Level 11.8 Armour
 - Level 8.0 Shields
 - Level 7.1 Invocations
 + Level 1.9 Evocations


You had 10 spell levels left.
You didn't know any spells.

Dungeon Overview and Level Annotations

Branches:
Dungeon (12/15)            Temple (1/1) D:7            Lair (0/8) D:8
    Orc (0/2) D:9

Altars:
Ashenzari
Makhleb
Nemelex Xobeh
Qazlal
Sif Muna
Trog
Yredelemnul
The Shining One

Shops:
D:4 (

Annotations:
D:8 namelastname112's ghost, novice DrCj
D:12 Rupert


Innate Abilities, Weirdness & Mutations

You reflexively headbutt those who attack you in melee.
You have a pair of large horns on your head.


Message History

Your kobold zombie is destroyed!
Rupert shouts!
What do you say? t - Shout!
Orders for allies: a - Attack new target. r - Retreat! s - Stop attacking. w - Wait here. f - Follow me.
Anything else - Stay silent.
Okay, then.
Drink which item? (? for menu, Esc to quit)
You feel better.
Rupert hits you with a triple sword of slicing.
* * * LOW HITPOINT WARNING * * *
x2 Yredelemnul mirrors your injury!
Rupert is severely wounded.
Your kobold zombie barely misses Rupert.
Your big kobold zombie barely misses Rupert.
Rupert hits you with a triple sword of slicing!!
You die...
Your body rises from the dead as a mindless zombie.

#... #...# #### .# #)..#
#.. .# #...# #.####.####
#...# #)##...... .##
#####...###)).....# ..
.............#.....#..##
....<........#..###....
.......)....@#)Z# ..#
#####...####.@Z(###..#
#...# ###..)....# #...#
####(####### #...#
#...P..P# #...#
#.##..P.###
#########...#
#.#..PP...###
#.....Z..#.##
#>#..Z.P.....
#..###.#..#.##
#...)...#.##.


You could see Rupert (berserk) and a friendly big kobold zombie.

Vanquished Creatures
  A hill giant (D:10)
  A deep elf mage (D:12)
  2 cyclopes
  Psyche (D:8)
  A troll (D:12)
  A merfolk (D:10)
  2 slime creatures (D:12)
  10 yaks
  The ghost of Rekenzichi the Insei, an amateur DsMo (D:4)
  A steam dragon (D:10)
  2 hell hounds (D:8)
  4 orc warriors
  2 sky beasts
  2 black bears
  A phantom (D:4)
  A black bear (shapeshifter) (D:12)
  An ice beast (D:5)
  2 necrophages (D:12)
  2 ogres
  3 centaurs
  7 big kobolds
  4 giant frogs
  A water moccasin zombie (D:9)
  4 earth elementals
  2 scorpions
  5 killer bees (D:10)
  2 wights (D:12)
  2 howler monkeys
  A centaur zombie (D:8)
  2 crimson imps
  2 giant frog zombies (D:5)
  5 orc priests
  2 centaur skeletons
  A giant frog skeleton (D:6)
  6 hounds
  2 gnoll shamans (D:5)
  An iguana (D:8)
  11 orc wizards
  9 worker ants
  2 hound skeletons
  A hound zombie (D:7)
  50 gnolls
  A howler monkey skeleton (D:4)
  2 worker ant zombies
  16 adders
  An ooze (D:2)
  A dart slug (D:1)
  6 giant geckos
  36 orcs
  8 ball pythons
  5 giant cockroaches
  4 goblins
  6 hobgoblins
  20 jackals
  5 quokkas
  7 bats
  5 giant newts
  46 kobolds
  2 quokka skeletons (D:4)
  3 quokka zombies
  8 rats
345 creatures vanquished.

Vanquished Creatures (collateral kills)
  A hill giant (D:10)
  A slime creature (D:12)
  3 yaks (D:9)
  A jelly (D:9)
  A kobold (D:9)
7 creatures vanquished.

Vanquished Creatures (others)
  A hill giant skeleton (D:10)
  A yak zombie (D:9)
  A yak skeleton (D:9)
  A black bear zombie (D:8)
  2 centaur zombies
  A killer bee zombie (D:10)
  2 big kobold zombies
  A hound zombie (D:8)
  3 orc zombies
  A kobold skeleton (D:9)
  13 kobold zombies
  2 plants (D:5)
  3 withered plants (D:12)
32 creatures vanquished.

Grand Total: 384 creatures vanquished

Notes
Turn   | Place    | Note
--------------------------------------------------------------
     0 | D:1      | Inkary the Minotaur Fighter began the quest for the Orb.
     0 | D:1      | Reached XP level 1. HP: 19/19 MP: 0/0
   141 | D:1      | Reached XP level 2. HP: 24/27 MP: 1/1
   713 | D:2      | Reached XP level 3. HP: 31/34 MP: 2/2
   759 | D:2      | Found a stormy altar of Qazlal.
  1231 | D:3      | Reached XP level 4. HP: 30/41 MP: 3/3
  1542 | D:3      | Reached XP level 5. HP: 43/47 MP: 4/4
  1609 | D:3      | Reached skill level 5 in Fighting
  1633 | D:3      | Found a bloodstained altar of Trog.
  1642 | D:3      | Found a stormy altar of Qazlal.
  2110 | D:3      | Reached skill level 5 in Shields
  2232 | D:4      | Noticed a phantom
  2255 | D:4      | Killed a phantom
  2255 | D:4      | Reached skill level 1 in Maces & Flails
  2255 | D:4      | Reached XP level 6. HP: 40/56 MP: 5/5
  2509 | D:4      | Noticed Rekenzichi's ghost (amateur DsMo)
  2530 | D:4      | Killed Rekenzichi's ghost
  2530 | D:4      | Reached skill level 5 in Armour
  2572 | D:4      | Reached XP level 7. HP: 46/62 MP: 6/6
  2745 | D:4      | Found Obis's Weapon Emporium.
  3049 | D:5      | Entered Level 5 of the Dungeon
  3831 | D:5      | Reached XP level 8. HP: 27/71 MP: 7/7
  4718 | D:5      | Reached skill level 5 in Maces & Flails
  6018 | D:7      | Found a staircase to the Ecumenical Temple.
  6105 | Temple   | Entered the Ecumenical Temple
  6118 | Temple   | Became a worshipper of Yredelemnul the Dark
  6119 | Temple   | Upgraded the game from 0.18.0-1-g0107ab7 to 0.18.1-1-g2f07953
  6165 | D:7      | Reached XP level 9. HP: 81/81 MP: 8/8
  6230 | D:7      | Got an ancient dagger
  6231 | D:7      | Identified the +4 dagger "Moniorch" {elec, Fragile rElec rC++ Stlth+} (You found it on level 7 of the Dungeon)
  6324 | D:7      | Reached skill level 1 in Invocations
  6555 | D:8      | Noticed Psyche
  6564 | D:8      | Killed Psyche
  6564 | D:8      | Reached * piety under Yredelemnul
  6712 | D:8      | Found a staircase to the Lair.
  6747 | D:8      | Found a deep blue altar of Sif Muna.
  7039 | D:8      | Noticed namelastname112's ghost (novice DrCj)
  7084 | D:8      | Reached skill level 1 in Short Blades
  7532 | D:9      | Reached ** piety under Yredelemnul
  7557 | D:9      | Reached XP level 10. HP: 76/92 MP: 10/12
  7569 | D:9      | Noticed a cyclops
  7583 | D:9      | Killed a cyclops
  7837 | D:9      | Reached skill level 10 in Fighting
  7847 | D:9      | Reached skill level 5 in Invocations
  7858 | D:9      | Reached skill level 10 in Armour
  8018 | D:9      | Found a staircase to the Orcish Mines.
  8031 | D:9      | Upgraded the game from 0.18.1-1-g2f07953 to 0.18.1-5-g4a78601
  8646 | D:10     | Entered Level 10 of the Dungeon
  8646 | D:10     | Noticed a hill giant
  8764 | D:10     | Reached *** piety under Yredelemnul
  8924 | D:10     | Noticed a hill giant
  8938 | D:10     | Killed a hill giant
  9000 | D:10     | Killed a hill giant
  9218 | D:10     | Reached XP level 11. HP: 96/102 MP: 15/15
 10182 | D:12     | Gained mutation: You expend magic power (3 MP) to strengthen your wands. [mutagenic meat]
 10183 | D:12     | Gained mutation: You regenerate slowly when monsters are visible. [mutagenic meat]
 10184 | D:12     | Gained mutation: You have a pair of large horns on your head. [mutagenic meat]
 10185 | D:12     | Gained mutation: Your body sometimes deteriorates upon taking damage. [mutagenic meat]
 10186 | D:12     | Lost mutation: Your body sometimes deteriorates upon taking damage. [potion of cure mutation]
 10186 | D:12     | Lost mutation: You expend magic power (3 MP) to strengthen your wands. [potion of cure mutation]
 10186 | D:12     | Lost mutation: You regenerate slowly when monsters are visible. [potion of cure mutation]
 10395 | D:12     | Reached skill level 1 in Evocations
 10667 | D:12     | Noticed a deep elf mage
 10686 | D:12     | HP: 5/104 [cyclops/large rock (11)]
 10690 | D:12     | Noticed a hill giant
 10726 | D:12     | Killed a deep elf mage
 10823 | D:12     | Reached **** piety under Yredelemnul
 11104 | D:12     | Noticed Rupert
 11111 | D:12     | HP: 5/104 [Rupert/triple sword of slicing (6)]
 11115 | D:12     | Annihilated by Rupert

Skill      XL: |  1  2  3  4  5  6  7  8  9 10 11 |
---------------+----------------------------------+-----
Fighting       | 4 5 6 8 9 11 | 11.9
Shields        | 4 5 6 8 |  8.0
Axes           | 3 4 |  4.2
Armour         | 4 5 6 7 9 11 | 11.8
Maces & Flails | 1 2 3 5 6 |  6.7
Invocations    | 4 6 7 |  7.1
Short Blades   | 2 3 |  3.1
Evocations     | 1 |  1.9

Action                   |  1- 3 |  4- 6 |  7- 9 | 10-12 || total
-------------------------+-------+-------+-------+-------++-------
Melee: War axe           |   100 |   100 |       |       ||   200
       Headbutt          |    10 |    22 |    82 |   120 ||   234
       Whip              |       |    59 |   195 |       ||   254
       Flail             |       |       |    98 |    69 ||   167
       Dagger            |       |       |   141 |   313 ||   454
       Scimitar          |       |       |       |    54 ||    54
Invok: Animate Remains   |       |       |     5 |     8 ||    13
       Animate Dead      |       |       |       |     9 ||     9
       Injury Mirror     |       |       |       |     1 ||     1
Evoke: Wand              |       |       |       |     1 ||     1
  Use: Scroll            |       |     3 |     8 |     8 ||    19
       Potion            |       |     2 |     4 |     8 ||    14
 Stab: Distracted        |       |       |     1 |     1 ||     2
  Eat: Chunk             |     1 |     5 |    13 |    14 ||    33
       Beef jerky        |       |       |     1 |     1 ||     2
       Pizza             |       |       |     1 |     1 ||     2
       Royal jelly       |       |       |       |     1 ||     1
Armor: Scale mail        |    39 |    59 |    85 |       ||   183
       Skin              |       |     5 |     3 |       ||     8
       Plate armour      |       |       |    38 |   129 ||   167
Dodge: Dodged            |    37 |    37 |    96 |    47 ||   217
Block: Shield            |    71 |    99 |   237 |   208 ||   615
